 Dungeon Crawl Stone Soup version 0.24.0-125-gc4c63601f3 (webtiles) character file.

Game seed: 8027541792547088320, levelgen mode: deterministic

1054 Nephtyrin the Chopper (level 8, -5/68 HPs)
             Began as a Hill Orc Skald on Mar 17, 2020.
             Slain by an ogre
             ... wielding a +0 giant spiked club
              (15 damage)
             ... on level 6 of the Dungeon.
             The game lasted 00:26:26 (5974 turns).

Nephtyrin the Chopper (Hill Orc Skald)              Turns: 5974, Time: 00:26:27

Health: -5/68      AC:  7    Str: 16    XL:     8   Next: 26%
Magic:  9/12       EV: 11    Int: 13    God:
Gold:   301        SH:  0    Dex: 10    Spells: 6/13 levels left

rFire    + . .     SeeInvis .   u - +7 hand axe of Dishonour {pain, rF+}
rCold    . . .     Gourm    .   (no shield)
rNeg     . . .     Faith    .   p - +0 ring mail
rPois    .         Spirit   .   (no helmet)
rElec    .         Reflect  .   (no cloak)
rCorr    .         Harm     .   k - +0 pair of gloves
MR       +....                  q - +0 pair of boots
Stlth    ..........             (no amulet)
HPRegen  1.21/turn              g - ring of wizardry
MPRegen  0.13/turn              m - ring of protection from magic

@: regenerating
A: no striking features
a: no special abilities


You were on level 6 of the Dungeon.
You were not hungry.

You visited 1 branch of the dungeon, and saw 6 of its levels.

You collected 301 gold pieces.

Inventory:

Hand Weapons
 u - the +7 hand axe of Dishonour (weapon) {pain, rF+}
   (You found it on level 4 of the Dungeon)

   In the hands of one skilled in necromantic magic, it inflicts extra damage on
   living creatures.
   It protects you from fire.
Armour
 k - a +0 pair of gloves (worn)
 p - a +0 ring mail (worn)
 q - a +0 pair of boots (worn)
Jewellery
 b - an uncursed ring of protection from fire
 e - an uncursed ring of magical power
 g - a ring of wizardry (left hand)
 h - an uncursed ring of magical power
 m - a ring of protection from magic (right hand)
Wands
 n - a wand of polymorph (14)
 v - a wand of flame (14)
 B - a wand of random effects (13)
Scrolls
 f - 5 scrolls of remove curse
 i - a scroll of fog
 o - 3 scrolls of magic mapping
 s - a scroll of enchant armour {unknown}
 t - 2 scrolls of amnesia
 y - 2 scrolls of identify
Potions
 a - a potion of brilliance {unknown}
 c - 2 potions of flight {unknown}
 j - 6 potions of heal wounds
 l - a potion of agility {unknown}
 r - a potion of invisibility {unknown}
 w - a potion of curing {unknown}
 x - a potion of resistance {unknown}
 z - a potion of haste {unknown}
 A - a potion of lignification {unknown}
Comestibles
 d - 4 rations


   Skills:
 + Level 5.1 Fighting
 * Level 7.6 Axes
 - Level 1.1 Armour
 - Level 1.5 Dodging
 + Level 3.2 Spellcasting
 * Level 5.6 Charms


You had 6 spell levels left.
You knew the following spells:

 Your Spells              Type           Power        Failure   Level  Hunger
a - Infusion              Chrm           ###.         1%          1    #......
b - Regeneration          Chrm/Necr      #.........   16%         3    ###....
c - Spectral Weapon       Hex/Chrm       #.......     16%         3    ###....

Your spell library contained the following spells:

 Spells                   Type           Power        Failure   Level  Hunger
 Song of Slaying          Chrm           ###.....     2%          2    ##.....
 Shroud of Golubria       Chrm/Tloc      #.....       9%          2    ##.....


Dungeon Overview and Level Annotations

Branches:
Dungeon (6/15)
 Temple: D:4-7

Altars:
Gozag
Okawaru
Sif Muna
Uskayaw
Vehumet
Xom


Message History

You now have 301 gold pieces (gained 10).
An ogre comes into view. It is wielding a +0 giant spiked club.
The ogre shouts!
Found a stone staircase leading down.
Found a robe.
The ogre hits you with a +0 giant spiked club!!
Casting: Infusion (safe; 1% risk of failure)
Confirm with . or Enter, or press ? or * to list all spells.
Your skin crawls.
The ogre hits you with a +0 giant spiked club!!
You slash the ogre!
The ogre is moderately wounded.
The ogre hits you with a +0 giant spiked club!!
* * * LOW HITPOINT WARNING * * *
You slash the ogre!
The ogre is heavily wounded.
You hit the ogre.
The ogre is severely wounded.
The ogre hits you with a +0 giant spiked club!
You die...

###.###.###.........#
#.# #........)#
.###'###........(#
.................#
.....#..#........#
####.#..#........#
#.##.#........#
#.##.#........#
#.##.@........
##O######## #.># ##.#
.# .. ##[ .


You could see an ogre.

Vanquished Creatures
  Grinder (D:5)
  Duvessa (D:6)
  An ice beast (D:3)
  Blork the orc (D:6)
  Dowan (D:6)
  2 scorpions (D:5)
  5 crimson imps
  A hound (D:4)
  An orc wizard (D:3)
  2 orc priests (D:5)
  A worker ant (D:5)
  6 adders
  2 oozes
  3 worms
  2 dart slugs (D:2)
  4 leopard geckos
  6 orcs
  2 ball pythons
  2 giant cockroaches
  10 goblins
  4 hobgoblins
  4 jackals
  A quokka (D:5)
  9 bats
  5 frilled lizards
  2 kobolds
  6 rats
85 creatures vanquished.

Notes
Turn   | Place    | Note
-------+----------+-------------------------------------------
     0 | D:1      | Nephtyrin the Hill Orc Skald began the quest for the Orb.
     0 | D:1      | Reached XP level 1. HP: 18/18 MP: 3/3
    93 | D:1      | Reached skill level 3 in Axes
    93 | D:1      | Reached XP level 2. HP: 19/25 MP: 4/4
   782 | D:1      | Reached XP level 3. HP: 29/30 MP: 5/5
  1130 | D:2      | Found an iron altar of Okawaru.
  2192 | D:2      | Reached XP level 4. HP: 38/38 MP: 6/6
  2689 | D:3      | Reached skill level 4 in Axes
  2977 | D:3      | Noticed an ice beast
  3002 | D:3      | Killed an ice beast
  3002 | D:3      | Reached XP level 5. HP: 19/45 MP: 3/8
  3354 | D:3      | Reached skill level 5 in Axes
  3369 | D:3      | Found a shimmering altar of Xom.
  3379 | D:3      | Paralysed by a crimson imp for 6 turns
  3399 | D:3      | Reached XP level 6. HP: 35/52 MP: 9/9
  3850 | D:3      | Found a hide-covered altar of Uskayaw.
  4177 | D:4      | Got a pitted hand axe
  4178 | D:4      | Identified the +7 hand axe of Dishonour {pain, rF+} (You
                  | found it on level 4 of the Dungeon)
  4408 | D:4      | Found a radiant altar of Vehumet.
  4517 | D:5      | Entered Level 5 of the Dungeon
  4523 | D:5      | Reached XP level 7. HP: 48/59 MP: 10/10
  4524 | D:5      | Reached skill level 6 in Axes
  4714 | D:5      | Noticed Grinder
  4726 | D:5      | Killed Grinder
  4726 | D:5      | Reached skill level 5 in Charms
  4785 | D:5      | Learned a level 3 spell: Regeneration
  4789 | D:5      | Learned a level 3 spell: Spectral Weapon
  5097 | D:5      | Found an opulent altar of Gozag.
  5368 | D:6      | Noticed Duvessa
  5375 | D:6      | Noticed Dowan
  5434 | D:6      | Noticed Blork the orc
  5437 | D:6      | Killed Duvessa
  5437 | D:6      | Reached skill level 7 in Axes
  5437 | D:6      | Reached XP level 8. HP: 38/67 MP: 8/12
  5724 | D:6      | Killed Blork the orc
  5724 | D:6      | Reached skill level 5 in Fighting
  5743 | D:6      | Killed Dowan
  5943 | D:6      | Found a shimmering blue altar of Sif Muna.
  5974 | D:6      | Slain by an ogre

Levels and vault maps discovered:
D:1:      scummos_arrival_simple_fountains, layout_loops_ring
D:2:      layout_loops_corners, okawaru_gym_becter, first_ration
D:3:      layout_loops_ring, led_xom_imps, lemuel_round_altar
D:4:      layout_basic, vehumet_altar_wand_db
D:5:      layout_cave_pools, nicolae_gozag_cash_rules_everything_around_me,
          uniq_grinder
D:6:      layout_basic, lemuel_doored_altar, old_standard_altar, uniq_menkaure,
          uniq_duvessa, uniq_blork_the_orc, uniq_eustachio

Skill      XL: |  1  2  3  4  5  6  7  8 |
---------------+-------------------------+-----
Axes           | 3 4 5 7 |  7.6
Charms         | 3 4 5 |  5.6
Fighting       | 3 4 5 |  5.1
Spellcasting   | 2 3 |  3.2
Armour         | |  1.1
Dodging        | |  1.5

Action                   |  1- 3 |  4- 6 |  7- 9 || total
-------------------------+-------+-------+-------++-------
Melee: Hand axe          |   153 |   196 |    45 ||   394
 Cast: Infusion          |       |     1 |     2 ||     3
       Spectral Weapon   |       |       |     4 ||     4
       Regeneration      |       |       |     1 ||     1
  Use: Scroll            |     9 |     2 |     2 ||    13
       Potion            |     1 |       |       ||     1
 Stab: Distracted        |     1 |       |       ||     1
  Eat: Ration            |     1 |     3 |     1 ||     5
       Chunk             |       |     1 |       ||     1
Armor: Leather armour    |    52 |       |       ||    52
       Ring mail         |     1 |    85 |    20 ||   106
Dodge: Dodged            |   100 |   109 |    17 ||   226
